 Dungeon Crawl Stone Soup version 0.25-a0-545-ge4db218afc (webtiles) character file.

Game seed: 10814303550267139682, levelgen mode: deterministic

380 Emblim88 the Skirmisher (level 6, -2/61 HPs)
             Began as a Gargoyle Fighter on Feb 21, 2020.
             Slain by a worker ant (3 damage)
             ... on level 3 of the Dungeon.
             The game lasted 00:03:04 (3017 turns).

Emblim88 the Skirmisher (Gargoyle Fighter)          Turns: 3017, Time: 00:03:05

Health: -2/61      AC: 23    Str: 22    XL:     6   Next: 75%
Magic:  6/6        EV:  2    Int:  8    God:
Gold:   148        SH:  9    Dex:  9    Spells: 5/5 levels left

rFire    . . .     SeeInvis .   a - +0 flail
rCold    . . .     Gourm    .   c - +0 kite shield
rNeg     + + +     Faith    .   (armour currently unavailable)
rPois    ∞         Spirit   .   (helmet currently unavailable)
rElec    .         Reflect  .   (cloak currently unavailable)
rCorr    .         Harm     .   (gloves currently unavailable)
MR       .....     NoTele   +   (boots currently unavailable)
Stlth    +.........             (no amulet)
HPRegen  0.20/turn              (no ring)
MPRegen  0.10/turn              (no ring)

@: tree-form
A: negative energy resistance 1, petrification resistance, rot immunity, AC +4
a: no special abilities


You were on level 3 of the Dungeon.
You were very hungry.
You were a tree.
You visited 1 branch of the dungeon, and saw 4 of its levels.

You collected 148 gold pieces.

Inventory:

Hand Weapons
 a - a +0 flail (weapon)
Armour
 b - a +0 scale mail (melded)
 c - a +0 kite shield (worn)
Scrolls
 e - 2 scrolls of remove curse {unknown}
 i - 4 scrolls of enchant armour {unknown}
 j - 2 scrolls of identify {unknown}
 l - a scroll of fog {unknown}
 m - 2 scrolls of amnesia {unknown}
 n - a scroll of teleportation {unknown}
Potions
 d - 3 potions of might
 g - a potion of mutation {unknown}
Comestibles
 f - 10 rations


   Skills:
 * Level 5.7 Fighting
 + Level 3.5 Maces & Flails
 + Level 4.6 Armour
 + Level 4.6 Shields


You had 5 spell levels left.
You didn't know any spells.
Your spell library was empty.

Dungeon Overview and Level Annotations

Branches:
Dungeon (4/15)
 Temple: D:4-7

Altars:
Kikubaaqudgha
Trog


Innate Abilities, Weirdness & Mutations

You are resistant to torment.
((Your stone body is resilient. (AC +4)))
You are immune to poison.
You resist negative energy. (rN+)
((You are resistant to electric shocks. (rElec)))
((You can survive without breathing.))
You are immune to petrification.
You are immune to rotting.


Message History

The orc priest mumbles some strange prayers to Beogh against you.
Beogh smites you!
The orc priest mumbles some strange prayers to Beogh against you.
Beogh smites you!
Unknown command.
The orc priest mumbles some strange prayers to Beogh against you.
Beogh smites you!
* * * LOW HITPOINT WARNING * * *
The worker ant completely misses you.
There is a stone staircase leading up here.
The orc priest casts a cantrip, but nothing happens.
The worker ant bites you but does no damage.
You climb upwards.
There is a stone staircase leading down here.
It was a potion of lignification.
You turn into a tree.
Your +0 scale mail melds into your body.
Your roots penetrate the ground.
The worker ant bites you.
* * * LOW HITPOINT WARNING * * *
The worker ant bites you.
You die...

#......##.# ##(..#
#....####># ##.##
##.#......# #.#
#.......## #.#
#######.# ##+## #.#
##...# ####.# ##.....
########.##.###......
#.>a♣.....#.##.......
#.####...............
#.# ##...........)..
#.# ####......#......
#.# #.........##.....
#.# #.###.....###...#
#.# #.# #.....# ##'##
#.###.###.##### #.#
#.........# #.##


You could see a worker ant.

Vanquished Creatures
  An eye of draining (D:3)
  An ogre (D:3)
  An iguana (D:3)
  Natasha (twice) (D:3)
  A hound zombie (D:3)
  5 adders
  3 dart slugs
  3 leopard geckos
  3 orcs (D:3)
  3 ball pythons
  4 bats
  4 giant cockroaches
  5 goblins
  5 hobgoblins
  8 jackals
  3 quokkas
  7 frilled lizards
  3 kobolds
  8 rats
70 creatures vanquished.

Notes
Turn   | Place    | Note
-------+----------+-------------------------------------------
     0 | D:1      | Emblim88 the Gargoyle Fighter began the quest for the Orb.
     0 | D:1      | Reached XP level 1. HP: 14/14 MP: 1/1
   167 | D:1      | Reached XP level 2. HP: 19/19 MP: 2/2
   466 | D:1      | Reached XP level 3. HP: 21/24 MP: 3/3
   971 | D:2      | Reached skill level 4 in Fighting
  1164 | D:2      | Reached XP level 4. HP: 29/29 MP: 4/4
  1247 | D:2      | Found an ancient bone altar of Kikubaaqudgha.
  1540 | D:3      | Noticed an ogre
  1546 | D:3      | HP: 1/29 [ogre/+0 giant spiked club (9)]
  1549 | D:3      | Killed an ogre
  1549 | D:3      | Reached XP level 5. HP: 2/34 MP: 5/5
  2147 | D:3      | Noticed an eye of draining
  2148 | D:3      | Found a bloodstained altar of Trog.
  2154 | D:3      | Reached skill level 5 in Fighting
  2160 | D:3      | Killed an eye of draining
  2160 | D:3      | Reached XP level 6. HP: 33/40 MP: 0/6
  2702 | D:3      | Noticed Natasha
  2714 | D:3      | Killed Natasha
  2966 | D:3      | Noticed Natasha
  2973 | D:3      | Killed Natasha
  3017 | D:3      | HP: 1/61 [worker ant (5)]
  3017 | D:3      | Slain by a worker ant

Levels and vault maps discovered:
D:1:      evilmike_arrival_fibonacci_small, layout_basic
D:2:      layout_basic, kiku_gazebo_garden_becter, first_ration
D:3:      layout_loops_corners, trog_eyes_of_draining, minmay_misc_feat_pillars,
          grunt_ministairs_10, chequers_serial_rivers_micro_a, uniq_natasha
D:4:      layout_rooms, minmay_temple_entry_from_below_a

Skill      XL: |  1  2  3  4  5 |
---------------+----------------+-----
Fighting       | 4 5 |  5.7
Armour         | 4 |  4.6
Shields        | 4 |  4.6
Maces & Flails | 3 |  3.5

Action                   |  1- 3 |  4- 6 || total
-------------------------+-------+-------++-------
Melee: Flail             |   103 |   154 ||   257
  Use: Potion            |       |     2 ||     2
  Eat: Chunk             |     1 |     5 ||     6
Armor: Scale mail        |    66 |    80 ||   146
Dodge: Dodged            |    32 |    43 ||    75
Block: Kite shield       |    43 |    76 ||   119

Table legend:
 A = Non-vault XP
 B = Vault XP
 C = Vault XP percentage of total XP
 D = Non-vault monster count
 E = Vault monster count
 F = Vault count percentage of total count
                 A         B        C        D         E       F
            +---------+---------+-------+---------+---------+-------
      Total |     372 |     171 |  31.5 |      64 |       6 |   8.6
            +---------+---------+-------+---------+---------+-------
        D:1 |      34 |       0 |   0.0 |      19 |       0 |   0.0
        D:2 |      52 |       0 |   0.0 |      16 |       0 |   0.0
        D:3 |     286 |     171 |  37.4 |      29 |       6 |  17.1
            +---------+---------+-------+---------+---------+-------
